Map: Ascension to Aiur LE

Players

Gemini

  • Race: Protoss Protoss
  • League: Grandmaster
  • Spawn Location: 5:00

A.I. 1 (Very Easy) - Winner!

  • Race: Protoss Protoss
  • Spawn Location: 11:00

VOD

Have the link to the VOD?

Description

Time

  • Played on: Aug. 28, 2017, 12:13 a.m.
  • Length: 5:36
Show
View Real Time Build Order
Export as new Build Order

Gemini Protoss 

Build Orders:  

Get SALT Encoding   

  12  0:01  Probe (Chrono Boost)  
  13  0:11  Probe (Chrono Boost)  
  14  0:17  Pylon  
  14  0:22  Probe (Chrono Boost)  
  15  0:35  Probe (Chrono Boost)  
  16  0:37  Gateway  
  16  0:42  Assimilator  
  16  0:46  Probe (Chrono Boost)  
  17  0:51  Assimilator  
  17  0:56  Probe (Chrono Boost)  
  18  1:06  Gateway  
  18  1:09  Probe (Chrono Boost)  
  19  1:19  Probe (Chrono Boost)  
  19  1:24  Cybernetics Core  
  20  1:30  Probe (Chrono Boost)  
  21  1:33  Pylon  
  21  1:41  Probe (Chrono Boost)  
  22  1:51  Probe (Chrono Boost)  
  23  2:01  Stalker x2  
  27  2:02  Warp Gate (Chrono Boost)  
  29  2:21  Robotics Facility  
  27  2:27  Mothership Core  
  27  2:29  Pylon  
  29  2:54  Nexus  
  29  2:58  Sentry  
  31  3:12  Immortal (Chrono Boost)  
  35  3:23  Sentry  
  37  3:29  Gateway  
  37  3:34  Pylon  
  37  3:46  Warp Prism (Chrono Boost)  
  39  3:54  Stalker  
  41  4:01  Stalker  
  43  4:04  Probe  
  43  4:06  Probe  
  45  4:16  Probe x2  
  46  4:23  Stalker  
  49  4:28  Stalker  
  51  4:32  Probe  
  51  4:35  Observer (Chrono Boost)  
  53  4:43  Stalker  
  55  4:46  Stalker  
  57  4:53  Pylon  
  57  5:00  Stalker  
  57  5:06  Stalker  
  61  5:11  Stalker  
  63  5:16  Pylon  
Show
View Real Time Build Order
Export as new Build Order

A.I. 1 (Very Easy) Protoss - Winner!

Build Orders: 1 Gate Expand, Nexus First 

Get SALT Encoding   

  12  0:01  Probe (Chrono Boost)  
  13  0:11  Probe (Chrono Boost)  
  14  0:19  Pylon  
  14  0:42  Gateway  
  14  0:59  Nexus  
  14  1:18  Pylon  
  14  1:22  Assimilator  
  14  1:30  Zealot  
  16  1:35  Cybernetics Core  
  16  1:37  Probe (Chrono Boost)  
  17  1:49  Probe (Chrono Boost)  
  18  1:58  Assimilator  
  18  2:00  Probe (Chrono Boost)  
  19  2:11  Probe (Chrono Boost), Stalker  
  19  2:15  Probe (Chrono Boost)  
  23  2:20  Warp Gate  
  24  2:23  Probe (Chrono Boost)  
  24  2:29  Probe (Chrono Boost)  
  26  2:38  Probe (Chrono Boost)  
  26  2:55  Probe (Chrono Boost), Assimilator  
  26  2:57  Pylon  
  27  3:02  Probe (Chrono Boost)  
  28  3:08  Robotics Facility  
  28  3:10  Probe (Chrono Boost)  
  29  3:19  Probe (Chrono Boost)  
  30  3:25  Zealot  
  31  3:28  Probe (Chrono Boost)  
  34  3:34  Probe (Chrono Boost)  
  35  3:41  Probe (Chrono Boost)  
  36  3:48  Probe (Chrono Boost)  
  36  3:54  Observer  
  38  3:56  Probe (Chrono Boost)  
  38  4:02  Probe (Chrono Boost)  
  39  4:09  Probe (Chrono Boost)  
  40  4:14  Observer  
  42  4:18  Probe (Chrono Boost)  
  42  4:24  Probe (Chrono Boost)  
  43  4:25  Assimilator  
  43  4:31  Probe (Chrono Boost)  
  45  4:39  Probe (Chrono Boost)  
  45  4:41  Pylon  
  45  4:42  Sentry  
  48  4:45  Probe (Chrono Boost)  
  49  4:53  Probe (Chrono Boost)  
  50  5:00  Probe (Chrono Boost)  
  46  5:14  Pylon  
  46  5:18  Probe (Chrono Boost)  
  44  5:25  Probe (Chrono Boost)  
Tags
 
Add a new tag
Caveats
  • Supply blocks, unpowered buildings, or Contaminate may cause inaccurate times.
  • Supply counts are checked every 10 seconds.